 Dungeon Crawl Stone Soup version 0.18.1-48-g4cf74bf (webtiles) character file.

75036 Krapule the Covert (level 15, 0/97 HPs)
             Began as a Formicid Fighter on July 4, 2016.
             Was the Champion of Makhleb.
             Slain by a seven-headed hydra (12 damage)
             ... on level 8 of the Lair of Beasts on July 6, 2016.
             The game lasted 02:08:14 (20408 turns).

Krapule the Covert (Formicid Fighter)              Turns: 20408, Time: 02:08:17

Health: 0/97       AC: 24    Str: 26    XL:     15   Next: 96%
Magic:  22/22      EV: 19    Int: 15    God:    Makhleb [******]
Gold:   1787       SH: 14    Dex: 12    Spells: 0 memorised, 14 levels left

rFire  . . .     SeeInvis +     b - +3 scimitar (flame)
rCold  . . .     Gourm    .     q - +1 ring mail {rPois}
rNeg   . . .     Faith    .     j - +0 shield {AC+3}
rPois  +         Spirit   .     (helmet unavailable)
rElec  .         Dismiss  .     D - +2 cloak "Wulyih" {*Corrode Str+5 Int+3 Stlth+}
rCorr  .         Reflect  .     J - +0 pair of gloves
SustAt .         Harm     .     R - +1 pair of boots
MR     +....                    v - amulet of regeneration
Stlth  ++++++....               i - +5 ring of protection
                                I - +5 ring of evasion

@: somewhat resistant to hostile enchantments, very stealthy
A: permanent stasis, dig shafts and tunnels, four strong arms, antennae 3, frail
2
a: Dig, Shaft Self, Minor Destruction, Lesser Servant of Makhleb, Major
Destruction, Greater Servant of Makhleb, Renounce Religion


You were on level 8 of the Lair of Beasts.
You worshipped Makhleb.
Makhleb was exalted by your worship.
You were hungry.

You visited 3 branches of the dungeon, and saw 21 of its levels.
You also visited: Labyrinth and Ice Cave.

You collected 1787 gold pieces.

Inventory:

Hand Weapons
 a - a +2 battleaxe of draining
 b - a +3 scimitar of flaming (weapon)
 K - a +2 battleaxe of freezing
Missiles
 x - 37 tomahawks (quivered)
Armour
 j - a +0 shield of protection (worn)
 q - a +1 ring mail of poison resistance (worn)
 D - the +2 cloak "Wulyih" (worn) {*Corrode Str+5 Int+3 Stlth+}
   (You acquired it on level 1 of the Lair of Beasts)

   It affects your strength (+5).
   It affects your intelligence (+3).
   It may corrode you when you take damage.
   It makes you more stealthy.
 G - a +0 plate armour
 J - a +0 pair of gloves (worn)
 R - a +1 pair of boots (worn)
Rods
 Y - a +7 rod of shadows (13/13)
   (You found it in a labyrinth)
Jewellery
 i - a +5 ring of protection (right hand)
 v - an amulet of regeneration (around neck)
 I - a +5 ring of evasion (left hand)
 M - an uncursed ring of sustain attributes
 Q - an uncursed ring of protection from cold
 W - the ring of Ynaagor {Wiz rPois Dex+3}
   (You found it in a labyrinth)

   [ring of wizardry]

   It improves your spell success rate.
   It affects your dexterity (+3).
   It protects you from poison.
Wands
 m - a wand of flame (32/48)
 w - a wand of lightning (0/15)
 z - a wand of iceblast (3/15)
 A - a wand of teleportation (1/9)
 E - a wand of iceblast (8/15)
 F - a wand of paralysis (11/24)
 H - a wand of teleportation (2/9)
 X - a wand of acid (5/15)
Scrolls
 e - 8 scrolls of remove curse
 g - 3 scrolls of identify
 h - a scroll of enchant weapon
 l - a scroll of immolation
 o - 8 scrolls of fog
 s - 3 scrolls of magic mapping
 L - a scroll of amnesia
 N - 2 scrolls of fear
Potions
 d - 4 potions of might
 n - 4 potions of agility
 p - 9 potions of curing
 r - 2 potions of heal wounds
 u - 3 potions of resistance
 B - 6 potions of flight
 C - 2 potions of lignification
 V - a potion of cancellation
Books
 t - a book of Annihilations

   Spells                             Type                      Level
   a - Poison Arrow                   Conjuration/Poison           6
   b - Chain Lightning                Conjuration/Air              8
   c - Lehudib's Crystal Spear        Conjuration/Earth            8
   d - Glaciate                       Conjuration/Ice              9
   e - Fire Storm                     Conjuration/Fire             9
 y - a book of Party Tricks

   Spells                             Type                      Level
   a - Summon Butterflies             Summoning                    1
   b - Apportation                    Translocation                1
   c - Tukima's Dance                 Hexes                        3
   d - Alistair's Intoxication        Transmutation/Poison         5
   e - Invisibility                   Hexes                        6
Miscellaneous
 c - a stone of tremors
 T - a fan of gales
Comestibles
 f - 16 bread rations
 k - 22 fruits
 O - a royal jelly
 P - a meat ration
 S - a chunk of flesh


   Skills:
 + Level 12.6 Fighting
 - Level 7.0 Axes
 + Level 12.7 Armour
 - Level 7.0 Dodging
 + Level 14.3 Stealth
 + Level 13.9 Shields
 - Level 10.0 Invocations
 - Level 8.0 Evocations


You had 14 spell levels left.
You didn't know any spells.

Dungeon Overview and Level Annotations

Branches:
Dungeon (11/15)            Temple (0/1) D:6            Lair (8/8) D:10
 Shoals (0/4) Lair:5        Snake (0/4) Lair:6        Slime (0/6) Lair:8
    Orc (2/2) D:11
    Elf: Orc:2

Altars:
Ashenzari
Makhleb
Okawaru
Qazlal
Ru
Trog
Xom
The Shining One

Shops:
Orc:1 =}


Innate Abilities, Weirdness & Mutations

You are under a permanent stasis effect.
You can dig through walls and to a lower floor.
Your four strong arms can wield two-handed weapons with a shield.
You have a pair of large antennae on your head (SInv).
You are very frail (-20% HP).


Message History

Your balrug dies!
Your +3 scimitar of flaming bursts into flame!
b - a +3 scimitar of flaming (weapon)
The seven-headed hydra misses you. The seven-headed hydra bites you!
* * * LOW HITPOINT WARNING * * *
You block the seven-headed hydra's attack. x3
The seven-headed hydra bites you!
* * * LOW HITPOINT WARNING * * *
The seven-headed hydra bites you but does no damage.
You don't know any spells.
Press: ? - help, Shift-Dir - straight line, f - seven-headed hydra
Aim: a seven-headed hydra (heavily wounded)
The bolt of fire hits the seven-headed hydra.
The seven-headed hydra is severely wounded.
You feel somewhat more hungry.
You are no longer corroded.
You block the seven-headed hydra's attack. x3
The seven-headed hydra closely misses you.
The seven-headed hydra bites you!
You die...

### #.###
##..P########
#...........###
#P.P..##P..P..##
##.....##.P....##
##D#....###.....#
##@.#......###...##
##..##........#....#
#...#....D..8.##....
#...#....#.... #....
#...#...###..8 #....
#...#÷..# ... #....
##..#.÷.. .÷ ##...
#..## #... #...#
#...


You could see a seven-headed hydra.

Vanquished Creatures
  A frost giant (IceCv)
  Maud (Lair:8)
  Snorg (Lair:6)
  The ghost of junkhipster the Blocker, a journeyman HOFi of Qazlal (IceCv)
  A minotaur (Lab)
  The ghost of Metae the Protected, a journeyman MiFi of Makhleb (Lair:3)
  An ice dragon (Lair:6)
  Erica (D:9)
  7 hydras
  A queen ant (Lair:3)
  6 death yaks
  A fire crab (Lair:8)
  A hill giant (D:11)
  A manticore (D:11)
  11 elephants
  6 black mambas
  An ice statue (IceCv)
  Joseph (D:8)
  2 gargoyles
  An eye of devastation (Lair:8)
  5 rime drakes
  8 spiny frogs
  A freezing wraith (D:9)
  A kobold demonologist (D:11)
  7 komodo dragons
  4 merfolk (Lair:5)
  A troll (D:11)
  24 polar bears
  3 two-headed ogres (D:9)
  30 blink frogs
  Eustachio (D:6)
  A vampire (D:10)
  A human (D:10)
  7 wyverns
  65 yaks
  13 hippogriffs
  2 steam dragons
  4 basilisks
  3 hungry ghosts
  A naga (Lair:6)
  12 soldier ants (Lair:3)
  A warg (Orc:1)
  19 water moccasins
  A hell hound (D:10)
  7 porcupines
  6 ice beasts
  2 wasps (Lair:4)
  3 sky beasts
  8 orc warriors
  A necrophage (D:11)
  The ghost of Wardy the Skirmisher, an amateur DsAK of Lugonu (D:6)
  4 centaurs
  5 ogres
  3 phantoms
  An eye of draining (Lair:8)
  40 wolves
  7 crocodiles
  25 giant frogs
  8 scorpions
  A water moccasin skeleton (D:9)
  6 howler monkeys
  A crimson imp (D:6)
  2 giant frog zombies
  2 centaur zombies
  9 hounds
  A gnoll shaman (Orc:1)
  A jelly (D:11)
  7 orc priests
  Crazy Yiuf (D:4)
  2 giant frog skeletons
  A centaur skeleton (D:8)
  12 iguanas
  Ijyb (D:3)
  6 orc wizards
  45 worker ants
  2 killer bee zombies
  8 sheep
  2 hound zombies
  A howler monkey zombie (D:10)
  11 gnolls
  20 adders
  A howler monkey skeleton (D:7)
  60 river rats
  3 shadow imps
  3 oozes
  2 adder skeletons
  An adder zombie (D:5)
  3 worms
  6 giant geckos
  45 orcs
  8 giant cockroaches
  6 goblins
  13 hobgoblins
  6 jackals
  3 quokkas
  A ball python (D:4)
  9 bats
  A giant gecko skeleton (D:5)
  4 giant newts
  13 kobolds
  A quokka zombie (D:6)
  7 rats
  A bush (Lair:7)
  11 fungi
  5 plants
738 creatures vanquished.

Vanquished Creatures (collateral kills)
  A deep troll shaman (Lair:8)
  A catoblepas (Lair:8)
  A death yak (Lair:8)
  A skeletal warrior (D:10)
  7 yaks
11 creatures vanquished.

Vanquished Creatures (others)
  A water moccasin (Lair:4)
  A wolf (IceCv)
  An orc wizard (D:3)
  2 adders (Lair:4)
  2 bushes
  8 fungi
  29 plants
44 creatures vanquished.

Grand Total: 793 creatures vanquished

Notes
Turn   | Place    | Note
--------------------------------------------------------------
     0 | D:1      | Krapule the Formicid Fighter began the quest for the Orb.
     0 | D:1      | Reached XP level 1. HP: 18/18 MP: 1/1
   109 | D:1      | Reached skill level 1 in Stealth
   158 | D:1      | Reached XP level 2. HP: 24/24 MP: 2/2
   507 | D:2      | Reached XP level 3. HP: 24/29 MP: 3/3
   588 | D:2      | Found a faded altar to an unknown god.
   735 | D:2      | Reached skill level 2 in Stealth
   735 | D:2      | Reached XP level 4. HP: 32/35 MP: 4/4
  1190 | D:2      | Reached skill level 1 in Dodging
  1309 | D:3      | Reached XP level 5. HP: 32/41 MP: 5/5
  1472 | D:3      | Noticed Ijyb
  1493 | D:3      | Killed Ijyb
  1614 | D:3      | Found a glowing golden altar of the Shining One.
  1614 | D:3      | Found a sacrificial altar of Ru.
  1700 | D:3      | Reached skill level 3 in Stealth
  1935 | D:3      | Reached XP level 6. HP: 42/48 MP: 6/6
  2584 | D:4      | Reached skill level 5 in Shields
  2624 | D:4      | Reached XP level 7. HP: 54/54 MP: 7/7
  2824 | D:4      | Found a bloodstained altar of Trog.
  2887 | D:4      | Reached skill level 4 in Stealth
  2938 | D:4      | Noticed Crazy Yiuf
  2946 | D:4      | Killed Crazy Yiuf
  3113 | D:5      | Entered Level 5 of the Dungeon
  3394 | D:5      | Reached XP level 8. HP: 61/61 MP: 8/8
  3479 | D:5      | Reached skill level 5 in Armour
  3700 | D:5      | Found an iron altar of Okawaru.
  3700 | D:5      | Found a burning altar of Makhleb.
  3719 | D:5      | Became a worshipper of Makhleb the Destroyer
  4015 | D:6      | Found a staircase to the Ecumenical Temple.
  4200 | D:6      | Reached skill level 5 in Stealth
  4245 | D:6      | Noticed Eustachio
  4247 | D:6      | Noticed Wardy's ghost (amateur DsAK)
  4278 | D:6      | Killed Wardy's ghost
  4278 | D:6      | Reached skill level 5 in Fighting
  4278 | D:6      | Reached skill level 1 in Invocations
  4318 | D:6      | Killed Eustachio
  4457 | D:6      | Reached XP level 9. HP: 66/68 MP: 10/10
  4706 | D:7      | Reached skill level 6 in Stealth
  4935 | D:7      | Reached * piety under Makhleb
  5126 | D:7      | Reached skill level 7 in Stealth
  5411 | D:8      | Found a shattered altar of Ashenzari.
  5444 | D:8      | Reached XP level 10. HP: 68/77 MP: 13/13
  5658 | D:8      | Noticed Joseph
  5686 | D:8      | Killed Joseph
  5686 | D:8      | Reached skill level 5 in Invocations
  6140 | D:8      | Reached ** piety under Makhleb
  6433 | D:8      | Reached skill level 8 in Stealth
  6605 | D:9      | Noticed Erica
  6643 | D:9      | Killed Erica
  6681 | D:9      | Found a shimmering altar of Xom.
  6915 | D:9      | Reached *** piety under Makhleb
  6955 | D:9      | Reached XP level 11. HP: 80/86 MP: 15/15
  7194 | D:9      | Found a stormy altar of Qazlal.
  7573 | D:10     | Entered Level 10 of the Dungeon
  7836 | D:10     | Reached skill level 9 in Stealth
  7863 | D:10     | Reached skill level 5 in Axes
  7935 | D:10     | Paralysed by fainting for 11 turns
  8121 | D:10     | Found a staircase to the Lair.
  8126 | D:10     | Noticed a skeletal warrior
  8439 | D:10     | Noticed a death knight
  8559 | D:11     | Noticed a hill giant
  8591 | D:11     | Killed a hill giant
  8913 | D:11     | Reached **** piety under Makhleb
  9200 | D:11     | Reached skill level 5 in Dodging
  9200 | D:11     | Reached XP level 12. HP: 71/94 MP: 17/17
  9268 | D:11     | Found a staircase to the Orcish Mines.
  9350 | D:11     | Reached skill level 10 in Stealth
  9622 | Orc:1    | Entered Level 1 of the Orcish Mines
  9703 | Orc:2    | Entered Level 2 of the Orcish Mines
  9781 | Orc:1    | Reached ***** piety under Makhleb
  9889 | Orc:1    | Found Zaxzugg's Gadget Boutique.
  9964 | Orc:1    | Reached skill level 10 in Shields
 10072 | Orc:1    | Reached skill level 1 in Evocations
 10269 | Orc:1    | Found Zippab's Jewellery Shoppe.
 10554 | D:10     | Noticed a skeletal warrior
 10673 | D:10     | Killed a skeletal warrior
 10865 | Lair:1   | Entered Level 1 of the Lair of Beasts
 10868 | Lair:1   | Identified a scroll of acquirement
 10975 | Lair:1   | Found a labyrinth entrance.
 11007 | Lab      | Entered a labyrinth
 11265 | Lab      | Noticed a minotaur
 11272 | Lab      | Killed a minotaur
 11283 | Lab      | Got a slimy hand axe
 11283 | Lab      | Got a bound platinum ring
 11284 | Lab      | Identified the +3 hand axe of the Chain {venom, Str+4} (You found it in a labyrinth)
 11286 | Lab      | Identified the ring of Ynaagor {Wiz rPois Dex+3} (You found it in a labyrinth)
 11295 | Lair:1   | Gained mutation: You are frail (-10% HP). [mutagenic glow]
 11302 | Lair:1   | Noticed a five-headed hydra
 11322 | Lair:1   | Killed a one-headed hydra
 11394 | Lair:1   | Gained mutation: You are very frail (-20% HP). [mutagenic glow]
 12257 | Lair:2   | Got a shadowed robe
 12795 | Lair:3   | Noticed Metae's ghost (journeyman MiFi)
 12830 | Lair:3   | Reached XP level 13. HP: 82/82 MP: 19/19
 12905 | Lair:3   | Reached skill level 10 in Armour
 13040 | Lair:3   | Reached ****** piety under Makhleb
 13051 | Lair:3   | Reached skill level 5 in Evocations
 13089 | Lair:3   | Reached skill level 10 in Fighting
 13126 | Lair:3   | Reached skill level 11 in Stealth
 13361 | Lair:3   | Killed Metae's ghost
 13695 | Lair:3   | Noticed a five-headed hydra
 13714 | Lair:3   | Killed a one-headed hydra
 14122 | Lair:4   | Noticed a five-headed hydra
 14402 | Lair:4   | Noticed a five-headed hydra
 14413 | Lair:4   | Killed a one-headed hydra
 14555 | Lair:4   | Killed a one-headed hydra
 14555 | Lair:4   | Reached skill level 12 in Stealth
 14658 | Lair:4   | Reached XP level 14. HP: 88/88 MP: 20/20
 15587 | Lair:5   | Found a staircase to the Shoals.
 16201 | Lair:1   | Got a heavily runed cloak
 16212 | Lair:1   | Identified the +2 cloak "Wulyih" {*Corrode Str+5 Int+3 Stlth+} (You acquired it on level 1 of the Lair of Beasts)
 16552 | Lair:6   | Found a staircase to the Snake Pit.
 16723 | Lair:6   | Noticed Snorg
 16730 | Lair:6   | Found a frozen archway.
 16750 | Lair:6   | Killed Snorg
 16798 | IceCv    | Entered an ice cave
 16918 | IceCv    | Noticed junkhipster's ghost (journeyman HOFi)
 17036 | IceCv    | Killed junkhipster's ghost
 17457 | IceCv    | Reached XP level 15. HP: 65/96 MP: 21/21
 17467 | IceCv    | Reached skill level 13 in Stealth
 17533 | IceCv    | Noticed a frost giant
 17547 | IceCv    | Killed a frost giant
 18115 | Lair:1   | Identified the +1 robe "Geedevof" {*Confuse rF+ Str-5 Dex+9} (You found it on level 2 of the Lair of Beasts)
 18137 | Lair:1   | Identified a +7 rod of shadows (13/13) (You found it in a labyrinth)
 19274 | Lair:8   | Entered Level 8 of the Lair of Beasts
 19543 | Lair:8   | Reached skill level 10 in Invocations
 19713 | Lair:8   | Noticed Maud
 19744 | Lair:8   | Killed Maud
 19848 | Lair:8   | Reached skill level 14 in Stealth
 19883 | Lair:8   | Found a staircase to the Slime Pits.
 20408 | Lair:8   | Slain by a seven-headed hydra

Skill      XL: |  1  2  3  4  5  6  7  8  9 10 11 12 13 14 15 |
---------------+----------------------------------------------+-----
Stealth        | 1 2 3 4 5 7 8 9 10 12 14 | 14.3
Shields        | 4 5 6 7 8 9 11 12 13 | 13.9
Dodging        | 1 2 3 5 6 7 |  7.0
Armour         | 4 5 7 8 9 11 12 | 12.7
Axes           | 3 4 5 6 7 |  7.0
Fighting       | 4 5 6 7 8 9 10 11 12 | 12.6
Invocations    | 2 4 6 7 8 9 10 | 10.0
Evocations     | 4 7 8 |  8.0

Action                   |  1- 3 |  4- 6 |  7- 9 | 10-12 | 13-15 || total
-------------------------+-------+-------+-------+-------+-------++-------
Melee: War axe           |    87 |   225 |    52 |       |       ||   364
       Broad axe         |       |       |   393 |   972 |       ||  1365
       Hand axe          |       |       |       |   271 |   798 ||  1069
       Battleaxe         |       |       |       |    12 |  1026 ||  1038
       Scimitar          |       |       |       |     9 |    43 ||    52
Throw: Tomahawk          |       |       |     1 |     2 |     3 ||     6
Invok: Lesser Servant of |       |       |       |     2 |     3 ||     5
       Major Destruction |       |       |       |       |     1 ||     1
       Greater Servant o |       |       |       |       |     1 ||     1
Evoke: Wand              |       |       |       |    13 |     3 ||    16
       Fan of gales      |       |       |       |       |     1 ||     1
       Stone of tremors  |       |       |       |       |     1 ||     1
  Use: Potion            |       |       |     1 |       |     2 ||     3
       Scroll            |       |       |     5 |    17 |     7 ||    29
 Stab: Sleeping          |       |       |     1 |       |     9 ||    10
       Distracted        |       |       |       |       |     3 ||     3
  Eat: Chunk             |       |     6 |     9 |    44 |    31 ||    90
       Beef jerky        |       |       |     1 |     1 |       ||     2
       Fruit             |       |       |       |     2 |       ||     2
       Meat ration       |       |       |       |     1 |       ||     1
       Pizza             |       |       |       |     1 |       ||     1
Armor: Scale mail        |    51 |    96 |    51 |       |       ||   198
       Plate armour      |       |       |   255 |   576 |   563 ||  1394
       Ring mail         |       |       |       |       |   131 ||   131
Dodge: Dodged            |    37 |    90 |   162 |   688 |  1126 ||  2103
Block: Shield            |    73 |   126 |   327 |   882 |  1464 ||  2872
